[Event "14th Chennai GM Open 2023"]
[Site "Chennai"]
[Date "2024.01.04"]
[Round "7.14"]
[White "Gochelashvili, David"]
[Black "Balkishan, A.."]
[Result "0-1"]
[ECO "B22"]
[WhiteElo "2287"]
[BlackElo "1855"]
[Annotator "RC"]
[PlyCount "122"]
[EventDate "2023.12.31"]
[EventType "swiss"]
[EventCountry "IND"]
[SourceTitle "playchess.com"]
[Source "ChessBase"]
[SourceQuality "1"]
[TimeControl "5400+30"]

1. e4 c5 2. Nf3 e6 3. c3 d5 4. exd5 exd5 5. d4 Nf6 6. Bb5+ Bd7 7. Qe2+ Be7 8. Ne5 cxd4 9. Nxd7 Nbxd7 10. cxd4 O-O 11. O-O a6 12. Ba4 Bd6 13. Nc3 h6 14. Bb3 Nb6 15. Qf3 Rc8 16. Re1 Nc4 17. Re2 b5 18. Bc2 Bb4 19. a4 Bxc3 20. Qxc3 Re8 21. Rxe8+ Qxe8 22. Bf5 b4 23. Qd3 Qe1+ 24. Qf1 Re8 25. Bf4 Qxf1+ 26. Kxf1 g5 27. Be5 Nxe5 28. dxe5 Rxe5 29. Bd3 a5 30. Rc1 Ne4 31. f3 Nd2+ 32. Kf2 Kg7 33. Rc6 Nb3 34. Rd6 Nc5 35. Bb5 f5 36. Rc6 d4 37. Rd6 d3 38. Bxd3 Nxa4 39. b3 Nc3 40. Bc4 h5 41. g3 Re7 42. h4 g4 43. Rd8 Kf6 44. f4 Ne4+ 45. Kg2 Rc7 46. Rf8+ Kg6 47. Rg8+ Kh7 48. Ra8 Rc5 49. Ra7+ Kh6 50. Ra6+ Kg7 51. Ra7+ Kf6 52. Rf7+ Kg6 53. Ra7 Nd2 54. Ra6+ Kg7 55. Be6 Kf8 56. Ra7 Ke8 57. Bf7+ Kd8 58. Bxh5 Nxb3 59. Bg6 Nd4 60. Kf2 b3 61. Rb7 Kc8 0-1

[Event "14th Chennai GM Open 2023"]
[Site "Chennai"]
[Date "2024.01.05"]
[Round "8.1"]
[White "Nguyen, Duc Hoa"]
[Black "Srihari L R"]
[Result "0-1"]
[ECO "C11"]
[WhiteElo "2322"]
[BlackElo "2467"]
[Annotator "TA"]
[PlyCount "66"]
[EventDate "2023.12.31"]
[EventType "swiss"]
[EventCountry "IND"]
[SourceTitle "playchess.com"]
[Source "ChessBase"]
[SourceQuality "1"]
[TimeControl "5400+30"]

1. e4 e6 2. d4 d5 3. Nc3 Nf6 4. e5 Nfd7 5. f4 c5 6. Nf3 Nc6 7. Ne2 Be7 {[%emt 0:00:09] is the new trend.} 8. c3 O-O 9. Ng3 {[%emt 0:01:06] C11: French: Classical System: 4 e5 and 4 Bg5 dxe4.} (9. g3 $11) 9... Qb6 10. Bd3 f6 {[%emt 0:06:50] [#]} (10... cxd4 $15 11. Nxd4 Nxd4 12. cxd4 f6) 11. Ng5 $146 {[%emt 0:19:24] This move loses the game for White.} ({Predecessor:} 11. O-O cxd4 12. cxd4 fxe5 13. fxe5 Ndxe5 14. Bxh7+ Kxh7 15. Nxe5 Rxf1+ 16. Kxf1 Nxe5 17. Qh5+ {0-1 Dalanhol,J (1891)-Yamamoto,E (2065) Catarinense-ch 2016 (1)}) 11... fxg5 $19 12. Qh5 {[%emt 0:00:05] [#]} Rf5 $1 13. Bxf5 exf5 14. Nxf5 g6 15. Nxe7+ Nxe7 16. Qxg5 Nf5 17. h4 $2 {[%emt 0:06:39] White is weak on the light squares} ({Reject} 17. g4 h6 18. dxc5 Nxc5 $19) (17. O-O) 17... cxd4 18. h5 Nc5 ({Worse is} 18... dxc3 19. hxg6 hxg6 20. bxc3 $19) 19. hxg6 hxg6 20. Qf6 Qxf6 21. exf6 Nd3+ 22. Kd2 Nf2 (22... Nxf4 $2 {perishes.} 23. cxd4 Bd7 24. Kd1 Nxg2 25. Bd2 $19) 23. Rg1 dxc3+ 24. bxc3 Ne4+ 25. Kd3 Nxf6 {[%emt 0:00:29] A dynamic duo of knights.} 26. g4 Nd6 27. f5 gxf5 28. Bf4 Nde4 29. g5 (29. gxf5+ $142 Kf7 30. Bg5) 29... Ng4 30. Rab1 b6 {[%emt 0:00:06] Black is clearly winning.} 31. Kd4 Be6 32. Rb4 Rc8 33. Rc1 a5 {[%emt 0:01:04] Weighted Error Value: White=0.62/Black=0.16 (very precise)} 0-1

[Event "14th Chennai GM Open 2023"]
[Site "Chennai"]
[Date "2024.01.05"]
[Round "8.2"]
[White "Savchenko, Boris"]
[Black "Glek, Igor"]
[Result "1-0"]
[ECO "D27"]
[WhiteElo "2489"]
[BlackElo "2429"]
[Annotator "TA"]
[PlyCount "95"]
[EventDate "2023.12.31"]
[EventType "swiss"]
[EventCountry "IND"]
[SourceTitle "playchess.com"]
[Source "ChessBase"]
[SourceQuality "1"]
[TimeControl "5400+30"]

1. d4 d5 2. c4 dxc4 3. e3 Nf6 4. Nf3 e6 5. Bxc4 c5 6. O-O Nc6 7. Nc3 a6 8. a4 Be7 9. Qe2 cxd4 10. Rd1 e5 11. exd4 exd4 12. Nxd4 Nxd4 13. Qe5 Qd6 14. Qxd6 Bxd6 15. Rxd4 Be5 16. Rh4 {[%emt 0:18:47] D27: Queen's Gambit Accepted: Classical main line: 7 e4!? and 7 a4.} O-O 17. Bf4 Bxc3 18. bxc3 {[%emt 0:00:10] [#] The position is equal.} Be6 $146 {[%emt 0:00:01] Black is weak on the dark squares} ({Predecessor:} 18... Re8 19. Be3 Be6 20. Rb1 Bxc4 21. Rxc4 b5 22. axb5 axb5 23. Rc6 Nd5 24. Bd4 b4 25. cxb4 Nxb4 {½-½ Brunello,S (2498)-Predojevic,B (2592) AUT-chT 2122 2021 (2.2)}) 19. Bxe6 fxe6 20. Be5 Nd7 21. Bd4 Rac8 22. Rb1 e5 23. Be3 b5 24. axb5 axb5 25. Bd2 Rc4 26. Rxc4 bxc4 $11 {[%emt 0:00:01][%mdl 4096] Endgame KRB-KRN} 27. Rb7 Rb8 28. Rxb8+ (28. Rxd7 $2 {gets mated.} Rb1+) 28... Nxb8 {[%emt 0:00:01] KB-KN} 29. f4 Kf7 30. Kf2 Ke6 31. Kf3 Nd7 32. Be3 exf4 33. Kxf4 Ne5 34. Ke4 {[%emt 0:00:24] And now Bd4 would win.} Nc6 {[%emt 0:00:30] [#]} (34... Nd3 $1 $11 {remains equal.}) 35. Bf2 ({White should play} 35. Bf4 $1 $16) 35... h5 36. Be3 g6 37. Bf4 Nd8 {[%emt 0:08:12] [#]} (37... Ne7 $16 {was worth a try.} 38. Kd4 Nd5) 38. Kd4 $1 $18 Kf5 39. Bc1 Ne6+ 40. Kxc4 {[%emt 0:00:30] Kd5 would be deadly.} Ke4 (40... Ke5 41. Kb5 Kd6) 41. h4 {[%emt 0:00:13] White is clearly winning.} Ng7 42. Kc5 Kd3 43. c4 Ke2 44. Kd5 Kf2 45. c5 Kxg2 46. c6 Ne8 47. Ke6 Kg3 48. Bg5 {[%emt 0:00:05] Weighted Error Value: White=0.06 (flawless) /Black=0.22 (precise)} 1-0

[Event "14th Chennai GM Open 2023"]
[Site "Chennai"]
[Date "2024.01.05"]
[Round "8.3"]
[White "Fedorov, Alexei"]
[Black "Abhishek, Kelkar"]
[Result "1/2-1/2"]
[ECO "B23"]
[WhiteElo "2454"]
[BlackElo "2204"]
[Annotator "RC"]
[PlyCount "62"]
[EventDate "2023.12.31"]
[EventType "swiss"]
[EventCountry "IND"]
[SourceTitle "playchess.com"]
[Source "ChessBase"]
[SourceQuality "1"]
[TimeControl "5400+30"]

1. e4 c5 2. Nc3 Nc6 3. Bb5 e6 4. Bxc6 bxc6 5. f4 c4 6. Nf3 d5 7. b3 Nf6 8. Bb2 Ba6 9. e5 Nd7 10. f5 Nc5 11. b4 Rb8 12. bxc5 Rxb2 13. fxe6 fxe6 14. O-O Bxc5+ 15. Kh1 Qe7 16. Na4 c3 17. d3 O-O 18. Nxb2 cxb2 19. Rb1 Ba3 20. Qd2 h6 21. Qc3 Bb5 22. h3 Rf4 23. Nh2 Rh4 24. Qd2 Rh5 25. Nf3 Rf5 26. c3 Qf8 27. Rf2 Rf4 28. d4 Qf5 29. Rxb2 Bxb2 30. Qxb2 Qe4 31. Qd2 Rf5 1/2-1/2

[Event "14th Chennai GM Open 2023"]
[Site "Chennai"]
[Date "2024.01.05"]
[Round "8.4"]
[White "Aronyak Ghosh"]
[Black "Murugan, Krishnamoorthy"]
[Result "1/2-1/2"]
[ECO "D10"]
[WhiteElo "2545"]
[BlackElo "2238"]
[Annotator "TA"]
[PlyCount "117"]
[EventDate "2023.12.31"]
[EventType "swiss"]
[EventCountry "IND"]
[SourceTitle "playchess.com"]
[Source "ChessBase"]
[SourceQuality "1"]
[TimeControl "5400+30"]

1. d4 Nf6 2. Bf4 d5 3. e3 c6 4. c4 Qa5+ 5. Nc3 Nbd7 6. Nf3 {[%emt 0:02:13] D10: Slav Defence: 3 cxd5 (without early Nf3) and 3 Nc3.} Ne4 7. Qc2 e6 8. Bd3 {[%emt 0:07:42] White is better.} Nxc3 9. bxc3 dxc4 10. Bxc4 Nb6 11. Bc7 $1 Qa3 12. Bb3 {[%emt 0:08:42] [#] White is much more active. The black rooks are badly placed.} Bd6 $146 ({Predecessor:} 12... Nd5 13. Bg3 Nxc3 14. O-O Nb5 15. Ne5 Qa6 16. Nxf7 Kxf7 17. Qf5+ Ke8 18. Bxe6 Bxe6 19. Qxe6+ {1-0 Belov,I (2440)-Sopur,L (2355) Karvina op 1992 (5)}) 13. Bxd6 Qxd6 14. a4 Nd7 15. O-O O-O 16. e4 b6 17. Rfe1 (17. e5 $16 Qe7 18. Qe4) 17... Bb7 $14 18. e5 Qe7 19. c4 Rac8 20. Qe4 Rfd8 21. Rad1 Rc7 {[%emt 0:05:21] [#]} (21... Nf8 $11 {remains equal.}) 22. Qe3 $1 $16 ({Reject} 22. Bc2 Nf8 $11) 22... Nf8 {[%emt 0:07:38] [#]} 23. c5 ({White should play} 23. Ng5 $1 $16) 23... Rcd7 $1 $11 24. Rd2 bxc5 25. dxc5 {[%emt 0:02:03] Black must now prevent Rd6.} Rxd2 26. Nxd2 Ba6 27. Bc2 {[%emt 0:02:36] Against Rd3} Qd7 28. Nf3 (28. Ne4 {looks sharper.} Qd5 29. Nd6 Nd7 30. Rc1) 28... Bc4 29. h4 Bd5 30. Nh2 Qe7 31. h5 Qh4 32. h6 {[%emt 0:00:23][%mdl 64] Deflection} Qxh6 (32... Ng6 {is more complex.} 33. hxg7 Kxg7 34. a5 Rb8) 33. Qxh6 gxh6 34. Ng4 Nd7 35. Nf6+ Kg7 36. Re3 Nxf6 (36... Nxc5 $15 37. Rg3+ Kf8) 37. Rg3+ Ng4 $1 38. Rxg4+ {[%emt 0:00:02][%mdl 4096] Endgame KRB-KRB} Kh8 39. Rf4 $1 Kg7 40. Rb4 (40. Rg4+ $11 Kh8 41. Rf4) 40... Rd7 (40... a5 $15 {is more appropriate.} 41. Rb6 Bc4 42. Rxc6 Rd5) 41. a5 h5 {[%emt 0:03:28] Prevents Rg4+} 42. a6 {[%emt 0:00:25] Rb7 is the strong threat.} Rd8 (42... Ba2 $5 ) 43. Rb7 Bc4 $1 ({Much less strong is} 43... Ra8 44. Bd3 $16) 44. Rxa7 {[%emt 0:00:32] And now Be4 would win.} Rd5 $1 45. f4 Rxc5 46. Bd1 Kg6 47. Bf3 Bd5 48. Be2 Rc1+ 49. Kf2 c5 50. Bd3+ Kg7 51. f5 {[%emt 0:00:04] Threatens to win with f6+.} exf5 (51... c4 $1 $11 52. Be2 Ra1) 52. Bxf5 (52. Rd7 $1 $14 Be6 53. a7) 52... Kh6 {[%emt 0:00:19] The position is equal.} (52... Ra1 $2 53. e6 Kf6 54. e7 (54. Rxf7+ Ke5 $11) 54... Ra2+ 55. Ke1 Ra1+ 56. Kd2 Ra2+ 57. Bc2 $18) 53. Rd7 Kg5 54. Bxh7 Be6 55. Rc7 {[%emt 0:00:07] Strongly threatening Be4.} (55. a7 $5 Ra1 $8 56. Rc7 $11) 55... Ra1 56. a7 {[%emt 0:00:31] Be4 would be deadly.} Kf4 {[%emt 0:00:26] Dodges Be4} 57. g3+ Kxe5 {[%emt 0:00:09] aiming for ...Kd6.} 58. Rxc5+ Kd6 59. Rxh5 {[%emt 0:01:04] Weighted Error Value: White=0.13 (very precise) /Black=0.10 (very precise)} 1/2-1/2

[Event "14th Chennai GM Open 2023"]
[Site "Chennai"]
[Date "2024.01.05"]
[Round "8.5"]
[White "Murali Krishnan B T"]
[Black "Tologon tegin, Semetei"]
[Result "1/2-1/2"]
[ECO "A41"]
[WhiteElo "2181"]
[BlackElo "2384"]
[Annotator "RC"]
[PlyCount "96"]
[EventDate "2023.12.31"]
[EventType "swiss"]
[EventCountry "IND"]
[SourceTitle "playchess.com"]
[Source "ChessBase"]
[SourceQuality "1"]
[TimeControl "5400+30"]

1. d4 g6 2. c4 Bg7 3. e4 d6 4. Nc3 e5 5. dxe5 dxe5 6. Qxd8+ Kxd8 7. Nf3 f6 8. Be3 Be6 9. O-O-O+ Nd7 10. Nd2 Bh6 11. Bxh6 Nxh6 12. Nb3 Kc8 13. Be2 c6 14. Na4 Kc7 15. Nac5 Nxc5 16. Nxc5 Bc8 17. Na4 b6 18. Rd2 Nf7 19. h4 Nd8 20. Nc3 Ne6 21. Bg4 Nd4 22. Bxc8 Raxc8 23. Ne2 Nxe2+ 24. Rxe2 Rcd8 25. Rd1 Rxd1+ 26. Kxd1 Rd8+ 27. Rd2 Rd4 28. Rxd4 exd4 29. f4 g5 30. g3 Kd6 31. b4 c5 32. b5 Ke7 33. Ke2 gxh4 34. gxh4 Kf7 35. Kf2 Kg6 36. Kf3 Kh6 37. Kg3 Kh5 38. f5 Kh6 39. Kg4 Kg7 40. Kf3 Kf7 41. Kf4 Ke7 42. Kf3 Kd7 43. Kg3 Kc7 44. Kg4 Kd6 45. Kf4 h6 46. h5 Kd7 47. Kf3 Ke7 48. Kg4 Kd6 1/2-1/2

[Event "14th Chennai GM Open 2023"]
[Site "Chennai"]
[Date "2024.01.05"]
[Round "8.6"]
[White "Pawar, Harshit"]
[Black "Shahil Dey"]
[Result "1-0"]
[ECO "B24"]
[WhiteElo "1945"]
[BlackElo "2368"]
[Annotator "RC"]
[PlyCount "75"]
[EventDate "2023.12.31"]
[EventType "swiss"]
[EventCountry "IND"]
[SourceTitle "playchess.com"]
[Source "ChessBase"]
[SourceQuality "1"]
[TimeControl "5400+30"]

1. e4 c5 2. Nc3 e6 3. Nge2 Nc6 4. g3 Nf6 5. Bg2 d5 6. exd5 exd5 7. d4 cxd4 8. Nxd4 Bg4 9. Qd3 Be7 10. O-O O-O 11. h3 Bh5 12. Nce2 Bg6 13. Qd1 Qb6 14. c3 Rad8 15. Qb3 Qa6 16. Re1 Rfe8 17. Bg5 h6 18. Be3 Bd3 19. Nf4 Bc4 20. Qd1 g5 21. Nh5 Bd3 22. Nxc6 bxc6 23. Bc5 Ne4 24. Bxe7 Rxe7 25. Re3 Nxf2 26. Qf3 Ne4 27. Rxd3 Qb6+ 28. Kh2 Qxb2 29. Re1 Rd6 30. Re2 Qc1 31. Qf5 Qa3 32. Qc8+ Kh7 33. Qf8 Rg6 34. Bxe4 Rxe4 35. Qxa3 Rxe2+ 36. Kg1 Rge6 37. Rf3 Re1+ 38. Rf1 1-0

[Event "14th Chennai GM Open 2023"]
[Site "Chennai"]
[Date "2024.01.05"]
[Round "8.7"]
[White "Majumder Shrayan"]
[Black "Buscara, Sevan"]
[Result "0-1"]
[ECO "A11"]
[WhiteElo "1916"]
[BlackElo "2359"]
[Annotator "RC"]
[PlyCount "111"]
[EventDate "2023.12.31"]
[EventType "swiss"]
[EventCountry "IND"]
[SourceTitle "playchess.com"]
[Source "ChessBase"]
[SourceQuality "1"]
[TimeControl "5400+30"]

1. c4 c6 2. Nf3 d5 3. g3 Nf6 4. Bg2 Bf5 5. Qb3 Qb6 6. d3 e6 7. O-O Nbd7 8. Be3 Bc5 9. Bxc5 Nxc5 10. Qc2 O-O 11. Nh4 d4 12. Nxf5 exf5 13. Nd2 Rfe8 14. Nf3 Rad8 15. Rab1 a5 16. b3 Qa7 17. a3 a4 18. b4 Nb3 19. Rbe1 f4 20. Nd2 fxg3 21. hxg3 h5 22. Bf3 Qb8 23. Nxb3 axb3 24. Qd2 Re5 25. e3 dxe3 26. Rxe3 h4 27. gxh4 Rd4 28. Rxe5 Ng4 29. Rfe1 Nxe5 30. Qe3 Rxd3 31. Qxe5 Qxe5 32. Rxe5 Rxf3 33. Re2 Kh7 34. Rb2 Kg6 35. Kf1 Kf5 36. Ke2 Ke4 37. a4 Rc3 38. b5 Kd4 39. a5 cxb5 40. cxb5 Kc5 41. a6 bxa6 42. bxa6 Kb6 43. Kd2 Rf3 44. Ke2 Rh3 45. Rb1 Kxa6 46. f3 b2 47. Ke3 Rh2 48. Kd3 Kb5 49. Kc3 Kc5 50. Rd1 g6 51. Kb3 Rd2 52. Rh1 Kd4 53. h5 gxh5 54. Ka2 f5 55. Rxh5 f4 56. Rh8 0-1

[Event "14th Chennai GM Open 2023"]
[Site "Chennai"]
[Date "2024.01.05"]
[Round "8.8"]
[White "Jake Shanty"]
[Black "Manik, Mikulas"]
[Result "0-1"]
[ECO "E69"]
[WhiteElo "1903"]
[BlackElo "2343"]
[Annotator "RC"]
[PlyCount "118"]
[EventDate "2023.12.31"]
[EventType "swiss"]
[EventCountry "IND"]
[SourceTitle "playchess.com"]
[Source "ChessBase"]
[SourceQuality "1"]
[TimeControl "5400+30"]

1. c4 g6 2. Nc3 Bg7 3. g3 Nf6 4. Bg2 O-O 5. d4 d6 6. Nf3 Nbd7 7. O-O e5 8. e4 c6 9. h3 Qa5 10. Be3 Re8 11. d5 Qb4 12. Qb3 a5 13. Nd2 Nc5 14. Qc2 a4 15. a3 Qa5 16. b4 axb3 17. Nxb3 Nxb3 18. Qxb3 Nd7 19. Qb4 Qc7 20. Rfd1 c5 21. Nb5 Qd8 22. Qb3 Ra6 23. Rab1 f5 24. f3 Rf8 25. g4 f4 26. Bf2 Bf6 27. Qc3 Rf7 28. Bf1 h5 29. Be2 Rh7 30. Kg2 Bh4 31. Bxh4 Qxh4 32. Qe1 hxg4 33. Qxh4 gxf3+ 34. Bxf3 Rxh4 35. Bg4 Rxg4+ 36. hxg4 Nf6 37. Rd3 Nxe4 38. Nc7 Ra4 39. Ne6 Rxc4 40. Rb2 Nf6 41. g5 e4 42. Rh3 Nxd5 43. Rh6 Bxe6 44. Rxb7 Ne3+ 45. Kh2 Ng4+ 46. Kg2 Rc2+ 47. Kg1 Nxh6 48. gxh6 e3 49. Rg7+ Kh8 50. Rxg6 Rc1+ 51. Kh2 Bd5 52. Kh3 Rh1+ 53. Kg4 Rg1+ 54. Kf5 Rxg6 55. Kxg6 e2 56. a4 e1=Q 57. h7 Qe5 58. Kh6 Qf6+ 59. Kh5 Bf3# 0-1

[Event "14th Chennai GM Open 2023"]
[Site "Chennai"]
[Date "2024.01.05"]
[Round "8.9"]
[White "Balkishan, A.."]
[Black "Laxman, R.R."]
[Result "0-1"]
[ECO "D05"]
[WhiteElo "1855"]
[BlackElo "2338"]
[Annotator "RC"]
[PlyCount "90"]
[EventDate "2023.12.31"]
[EventType "swiss"]
[EventCountry "IND"]
[SourceTitle "playchess.com"]
[Source "ChessBase"]
[SourceQuality "1"]
[TimeControl "5400+30"]

1. d4 Nf6 2. Nf3 e6 3. e3 d5 4. Bd3 c5 5. b3 Nc6 6. Bb2 Bd6 7. O-O cxd4 8. exd4 O-O 9. a3 b6 10. Nbd2 Bb7 11. Ne5 Ne7 12. Qe2 Rc8 13. f4 b5 14. Rf3 a6 15. Rh3 Ng6 16. Rf1 Rc7 17. g4 Re8 18. g5 Ne4 19. Qh5 Bxe5 20. Qxh7+ Kf8 21. fxe5 Nxg5 22. Qh5 Nxh3+ 23. Qxh3 Qg5+ 24. Kh1 Nf4 25. Qf3 Nxd3 26. Qxd3 Ke7 27. Bc3 Rh8 28. Ba5 Rcc8 29. Bb4+ Ke8 30. c3 Qh5 31. Qg3 Rh6 32. Qf4 g5 33. Qf2 g4 34. Rg1 Kd7 35. Rg2 Rg8 36. Nf1 Qf5 37. Qe2 Rh3 38. Kg1 Rf3 39. a4 bxa4 40. bxa4 Qb1 41. Rf2 Rg5 42. Qb2 g3 43. Rxf3 gxh2+ 44. Kh1 Qxb2 45. Rxf7+ Kc6 0-1

[Event "14th Chennai GM Open 2023"]
[Site "Chennai"]
[Date "2024.01.05"]
[Round "8.10"]
[White "Aakash G"]
[Black "Avinash Ramesh"]
[Result "1/2-1/2"]
[ECO "A41"]
[WhiteElo "1823"]
[BlackElo "2290"]
[Annotator "RC"]
[PlyCount "109"]
[EventDate "2023.12.31"]
[EventType "swiss"]
[EventCountry "IND"]
[SourceTitle "playchess.com"]
[Source "ChessBase"]
[SourceQuality "1"]
[TimeControl "5400+30"]

1. d4 d6 2. c4 e5 3. d5 a5 4. Nc3 Na6 5. e4 g6 6. Bd3 Bh6 7. h3 Bxc1 8. Rxc1 Qg5 9. Nf3 Qh6 10. Rb1 f5 11. Qa4+ Bd7 12. Qd1 Nf6 13. Nd2 O-O 14. Nf1 Nc5 15. Ng3 f4 16. Nf1 c6 17. Bc2 cxd5 18. Nxd5 Nxd5 19. cxd5 f3 20. gxf3 Bb5 21. h4 Rf4 22. h5 Raf8 23. Qd2 Bxf1 24. Kxf1 gxh5 25. Rh3 h4 26. Qe3 Kh8 27. Ke2 Qf6 28. Rg1 Rf7 29. Rg4 Nd7 30. Ba4 Nc5 31. Bc2 Rxg4 32. fxg4 h6 33. Rh2 Kg7 34. a3 Nd7 35. Qh3 Nf8 36. Qxh4 Qf3+ 37. Ke1 Qf4 38. Qg3 Qc1+ 39. Bd1 Nh7 40. Qh3 Rf6 41. Qe3 Qxb2 42. Rh5 Qb5 43. g5 hxg5 44. Qh3 Nf8 45. Rxg5+ Ng6 46. Qg4 Qd3 47. Qd7+ Rf7 48. Rxg6+ Kxg6 49. Qxd6+ Kh7 50. Qxe5 Qxa3 51. Qh5+ Kg7 52. Qg5+ Kf8 53. Qd8+ Kg7 54. Qg5+ Kf8 55. Qd8+ 1/2-1/2

[Event "14th Chennai GM Open 2023"]
[Site "Chennai"]
[Date "2024.01.05"]
[Round "8.11"]
[White "Podolchenko, Evgeniy"]
[Black "Ziatdinov, Raset"]
[Result "1-0"]
[ECO "D36"]
[WhiteElo "2376"]
[BlackElo "2100"]
[Annotator "RC"]
[PlyCount "109"]
[EventDate "2023.12.31"]
[EventType "swiss"]
[EventCountry "IND"]
[SourceTitle "playchess.com"]
[Source "ChessBase"]
[SourceQuality "1"]
[TimeControl "5400+30"]

1. d4 d5 2. c4 e6 3. Nc3 Nf6 4. cxd5 exd5 5. Bg5 Be7 6. e3 O-O 7. Bd3 Nbd7 8. Qc2 c6 9. Nf3 Re8 10. O-O Nf8 11. h3 Ne4 12. Bf4 Ng5 13. Bxg5 Bxg5 14. b4 a6 15. a4 Be7 16. b5 a5 17. bxc6 bxc6 18. Ne5 Bb7 19. Rab1 Bb4 20. Na2 c5 21. Bb5 Rxe5 22. dxe5 Rc8 23. Rfd1 Qe7 24. f4 Ne6 25. Bd3 g6 26. f5 gxf5 27. Bxf5 Kh8 28. Qf2 Rg8 29. Bxe6 fxe6 30. Rf1 d4 31. g4 d3 32. Qf4 Bd5 33. Nxb4 axb4 34. e4 Bb7 35. Rbc1 Rc8 36. Qh6 Kg8 37. Rf6 c4 38. Rcf1 d2 39. Qxd2 Bxe4 40. Qg5+ Qg7 41. Qe3 Bg6 42. a5 c3 43. Qb6 Qe7 44. Rxe6 Qc5+ 45. Kh2 Bf7 46. Qxc5 Rxc5 47. Re7 Bd5 48. Re8+ Kg7 49. Re7+ Kg8 50. Re8+ Kg7 51. e6 Bxe6 52. Rxe6 b3 53. Rb6 b2 54. a6 Ra5 55. Rd1 1-0

[Event "14th Chennai GM Open 2023"]
[Site "Chennai"]
[Date "2024.01.05"]
[Round "8.12"]
[White "Ramnathan, Balasubramaniam"]
[Black "Viani Antonio Dcunha"]
[Result "0-1"]
[ECO "A06"]
[WhiteElo "1916"]
[BlackElo "2407"]
[Annotator "RC"]
[PlyCount "60"]
[EventDate "2023.12.31"]
[EventType "swiss"]
[EventCountry "IND"]
[SourceTitle "playchess.com"]
[Source "ChessBase"]
[SourceQuality "1"]
[TimeControl "5400+30"]

1. Nf3 d5 2. b3 c5 3. e3 Nf6 4. Bb2 e6 5. Be2 Nc6 6. O-O Bd6 7. d4 cxd4 8. Nxd4 e5 9. Nxc6 bxc6 10. c4 O-O 11. cxd5 cxd5 12. Nc3 Bb7 13. Nb5 Bb8 14. f4 d4 15. fxe5 Qd5 16. Rf3 Qxe5 17. Rh3 Qg5 18. e4 Bxe4 19. Qf1 Nd5 20. Bf3 Bxf3 21. Rxf3 Ne3 22. Qe2 Re8 23. g3 Be5 24. Nxd4 Ng4 25. Qg2 Rad8 26. Rd1 Bxd4+ 27. Bxd4 Rxd4 28. Rxd4 Re1+ 29. Qf1 Rxf1+ 30. Kxf1 Nxh2+ 0-1

[Event "14th Chennai GM Open 2023"]
[Site "Chennai"]
[Date "2024.01.05"]
[Round "8.13"]
[White "Nitin, S.."]
[Black "Kolla Bhaavan"]
[Result "1-0"]
[ECO "B11"]
[WhiteElo "2385"]
[BlackElo "1679"]
[Annotator "RC"]
[PlyCount "97"]
[EventDate "2023.12.31"]
[EventType "swiss"]
[EventCountry "IND"]
[SourceTitle "playchess.com"]
[Source "ChessBase"]
[SourceQuality "1"]
[TimeControl "5400+30"]

1. e4 c6 2. Nc3 d5 3. Qe2 e6 4. Nf3 d4 5. Nb1 c5 6. d3 Nc6 7. g3 e5 8. Bg2 g6 9. O-O Bg7 10. a4 Nge7 11. Na3 O-O 12. Nh4 Be6 13. f4 Qd7 14. Nf3 f6 15. Nc4 Rae8 16. Bd2 Nc8 17. b3 Nd6 18. Nh4 Bg4 19. Qf2 Nxc4 20. bxc4 g5 21. Nf5 Bxf5 22. exf5 exf4 23. gxf4 Qxf5 24. fxg5 Qxf2+ 25. Rxf2 fxg5 26. Rb1 Nd8 27. Bxb7 h6 28. Bd5+ Kh7 29. Rb5 Rxf2 30. Kxf2 Be5 31. Rxc5 Bxh2 32. Rc8 Rf8+ 33. Kg2 Be5 34. Bb4 Re8 35. c5 h5 36. c6 g4 37. c7 Bxc7 38. Rxc7+ Kg6 39. Be4+ Kf6 40. Rc8 h4 41. Ba5 Ke7 42. Bb4+ Kf6 43. Bc5 Ke5 44. Bxa7 Rf8 45. Bb8+ Ke6 46. Bc7 g3 47. Bf3 h3+ 48. Kxg3 h2 49. Bg2 1-0

[Event "14th Chennai GM Open 2023"]
[Site "Chennai"]
[Date "2024.01.05"]
[Round "8.14"]
[White "Khusenkhojaev, Muhammad"]
[Black "Sriram Adarsh Uppala"]
[Result "1-0"]
[ECO "D31"]
[WhiteElo "2366"]
[BlackElo "1900"]
[Annotator "RC"]
[PlyCount "87"]
[EventDate "2023.12.31"]
[EventType "swiss"]
[EventCountry "IND"]
[SourceTitle "playchess.com"]
[Source "ChessBase"]
[SourceQuality "1"]
[TimeControl "5400+30"]

1. Nf3 d5 2. d4 e6 3. c4 a6 4. cxd5 exd5 5. Nc3 c6 6. Qc2 Nf6 7. Bg5 h6 8. Bxf6 Qxf6 9. Nxd5 Qd8 10. Nc3 Be7 11. e3 O-O 12. Bc4 Nd7 13. O-O Nb6 14. Bb3 Bd6 15. h3 Kh8 16. e4 f5 17. e5 Bc7 18. Rfe1 Qe7 19. d5 cxd5 20. Nxd5 Nxd5 21. Bxd5 Ba5 22. Red1 f4 23. e6 Bxe6 24. Ne5 Rf6 25. Ng6+ Rxg6 26. Qxg6 Re8 27. Bxe6 Qxe6 28. Qxe6 Rxe6 29. Kf1 f3 30. gxf3 Rf6 31. Rd5 Bb6 32. Rd3 Rf4 33. Re1 Bc5 34. Re4 Rf6 35. b4 Bf8 36. Ke2 Kh7 37. a3 b6 38. Rd5 Kg8 39. f4 Kf7 40. f5 Bd6 41. Rg4 Bf8 42. Rg6 Rxg6 43. fxg6+ Kxg6 44. Rd8 1-0

[Event "14th Chennai GM Open 2023"]
[Site "Chennai"]
[Date "2024.01.06"]
[Round "9.1"]
[White "Srihari L R"]
[Black "Savchenko, Boris"]
[Result "1-0"]
[ECO "A62"]
[WhiteElo "2467"]
[BlackElo "2489"]
[Annotator "TA"]
[PlyCount "83"]
[EventDate "2023.12.31"]
[EventType "swiss"]
[EventCountry "IND"]
[SourceTitle "playchess.com"]
[Source "ChessBase"]
[SourceQuality "1"]
[TimeControl "5400+30"]

1. d4 g6 2. Nf3 Bg7 3. c4 c5 4. d5 d6 5. g3 e6 6. Bg2 exd5 7. cxd5 Nf6 8. Nc3 O-O 9. O-O a6 10. a4 Re8 11. Bf4 h6 12. Qc1 $1 {[%emt 0:00:00] The main line 12.Qc1 scores better than 12.Re1. A62: Modern Benoni: Fianchetto Variation without early ...Nbd7.} Kh7 13. a5 {[%emt 0:00:00] [#]} Nh5 $146 ({Predecessor:} 13... Bf5 14. Nd2 g5 15. Be3 Nbd7 16. Nc4 Qc7 17. Bd2 b5 18. axb6 Nxb6 19. Nxb6 Qxb6 {½-½ Grahn,V (2133)-Stefansson,V (2484) Uppsala Young Champions 10th 2023 (1)}) 14. Bd2 $1 {[%emt 0:00:00] White is slightly better.} Bg4 15. Ra4 Nf6 16. h3 Bxf3 17. Bxf3 Qe7 (17... Nbd7 $14) 18. Rh4 $16 Ng8 19. Re4 Be5 20. Bg2 {[%emt 0:00:00] Hoping for f4. White is more active.} f5 {[%emt 0:01:39] [#]} 21. Ra4 (21. Rc4 $142 $1) 21... Nd7 22. e4 Qf7 23. exf5 Qxf5 (23... gxf5 $16 24. Qc2 Bd4) 24. Rh4 $18 Bxc3 25. bxc3 {[%emt 0:00:00] [#] Rf4 is the strong threat.} ({Less strong is} 25. Qxc3 g5 26. Rc4 b5 27. axb6 Nxb6 $16) 25... Qf8 26. c4 Qg7 27. Re1 Rxe1+ 28. Qxe1 ({Weaker is} 28. Bxe1 Re8 29. Bd2 Re7 $18) 28... Ndf6 $2 (28... Ne5 29. Re4 Nf6) 29. Bc3 Qc7 30. Rf4 Re8 31. Qb1 Nh5 32. Rg4 Ne7 33. Be4 {[%emt 0:01:11][%cal Re4g6] Repels Nf5. A strong pair of Bishops.} Rg8 34. Rh4 Ng7 35. Rf4 {[%emt 0:01:48] Threatening mate with Rf7.} Nef5 36. Bxf5 gxf5 {[%emt 0:00:40] Black is weak on the dark squares} 37. Rxf5 Nxf5 38. Qxf5+ {[%emt 0:00:03] KQR-KQB} Rg6 39. h4 {[%emt 0:00:04] White mates.} h5 40. Qxh5+ Rh6 41. Qf5+ Kg8 42. Qg5+ {[%emt 0:00:03] Weighted Error Value: White=0.20 (precise) /Black=0.54} 1-0